Workbook
Name Rentabilité: 'Coût théorique'!#REF!

Sheet Mode d'emploi
C2: Pour mettre à jour le fichier Données_Communication_Formation_Résultats
L3: Mise à jour : 25/11/2203
B5: Après chaque opération de communication, en liaison avec une formation :
A6: 1- | B6: Compléter les données de l'onglet "Coût prospection" (même lors d'un envoi e-mail), cases bleues.
A7: 2- | B7: Les résultats sont calculés automatiquement, cases roses.
B9: Après chaque formation réalisée :
A10: 1- | B10: Compléter les données de l'onglet "Formations réalisées", cases bleues.
B11: Préciser si la formation est intra ou inter-entreprises. (1 ligne par formation)
B12: Coût de prospection : | D12: faire un report des résultats de l'onglet "Coût prospection"
A13: 2- | B13: Les résultats sont calculés automatiquement, cases roses.

Sheet Coût théorique
A1: Données préalables sur la formation
B2: Formation à créer | D2: Formation "rôdée" | H2: =données à compléter
B3: 1 jour | C3: 2 jours | D3: 1 jour | E3: 2 jours
A4: Journée(s) de rédaction/mise à jour | B4: 1.5 | C4: 1.5 | D4: 0.5 | E4: 0.5
A5: Temps administratif (devis, démarchage…) en heures/participant | B5: 2 | C5: 2 | D5: 2 | E5: 2
A6: Location salle (HT) | B6: 150 | C6: 300 | D6: 150 | E6: 300 | F6: (12 personnes; Mercure Bercy) (290 HT Mercure Lyon)
A7: Déjeuner+ 3 pauses / personne (HT) | B7: 42 | C7: 84 | D7: 42 | E7: 84
A9: Coût consultant (2002) (HT)= | B9: =446000/(3.79*215) -> 547.34 | C9: (charges/(nb jour an 215*FTE))
A10: Coût consultant (2003) (HT)=
A11: Coût consultant (2004) (HT)=
A13: Coût théorique des formations (HT) [formation inter-entreprise !]
G14: Seuil de prix à pratiquer | J14: Marge 30 %
B15: Formation à créer | D15: Formation "rôdée" | G15: pour Formation à créer | J15: pour Formation à créer
A16: Nombre de participants | B16: 1 jour | C16: 2 jours | D16: 1 jour | E16: 2 jours | G16: 1 jour | H16: 2 jours | J16: 1 jour | K16: 2 jours
A17: 2 | B17: =(1+B4+B5*A17/8)*B9+B6+B7*(A17+1) -> 1918.02 | C17: =(2+C4+C5*A17/8)*B9+C6+C7*(A17+1) -> 2741.36 | D17: =(1+D4+D5*A17/8)*B9+D6+D7*(A17+1) -> 1370.68 | E17: =(2+E4+E5*A17/8)*B9+E6+E7*(A17+1) -> 2194.02 | G17: =B17/A17 -> 959.01 | H17: =C17/A17 -> 1370.68 | J17: =G17*1.3 -> 1246.713 | K17: =H17*1.3 -> 1781.884
A18: 3 | B18: =(1+B4+B5*A18/8)*B9+B6+B7*(A18+1) -> 2096.855 | C18: =(2+C4+C5*A18/8)*B9+C6+C7*(A18+1) -> 2962.195 | D18: =(1+D4+D5*A18/8)*B9+D6+D7*(A18+1) -> 1549.515 | E18: =(2+E4+E5*A18/8)*B9+E6+E7*(A18+1) -> 2414.855 | G18: =B18/A18 -> 698.95167 | H18: =C18/A18 -> 987.39834 | J18: =G18*1.3 -> 908.63717 | K18: =H18*1.3 -> 1283.6178
A19: 4 | B19: =(1+B4+B5*A19/8)*B9+B6+B7*(A19+1) -> 2275.69 | C19: =(2+C4+C5*A19/8)*B9+C6+C7*(A19+1) -> 3183.03 | D19: =(1+D4+D5*A19/8)*B9+D6+D7*(A19+1) -> 1728.35 | E19: =(2+E4+E5*A19/8)*B9+E6+E7*(A19+1) -> 2635.69 | G19: =B19/A19 -> 568.9225 | H19: =C19/A19 -> 795.7575 | J19: =G19*1.3 -> 739.59925 | K19: =H19*1.3 -> 1034.4848
A20: 5 | B20: =(1+B4+B5*A20/8)*B9+B6+B7*(A20+1) -> 2454.525 | C20: =(2+C4+C5*A20/8)*B9+C6+C7*(A20+1) -> 3403.865 | D20: =(1+D4+D5*A20/8)*B9+D6+D7*(A20+1) -> 1907.185 | E20: =(2+E4+E5*A20/8)*B9+E6+E7*(A20+1) -> 2856.525 | G20: =B20/A20 -> 490.905 | H20: =C20/A20 -> 680.773 | J20: =G20*1.3 -> 638.1765 | K20: =H20*1.3 -> 885.0049
A21: 6 | B21: =(1+B4+B5*A21/8)*B9+B6+B7*(A21+1) -> 2633.36 | C21: =(2+C4+C5*A21/8)*B9+C6+C7*(A21+1) -> 3624.7 | D21: =(1+D4+D5*A21/8)*B9+D6+D7*(A21+1) -> 2086.02 | E21: =(2+E4+E5*A21/8)*B9+E6+E7*(A21+1) -> 3077.36 | G21: =B21/A21 -> 438.89333 | H21: =C21/A21 -> 604.11667 | J21: =G21*1.3 -> 570.56133 | K21: =H21*1.3 -> 785.35167
A22: 7 | B22: =(1+B4+B5*A22/8)*B9+B6+B7*(A22+1) -> 2812.195 | C22: =(2+C4+C5*A22/8)*B9+C6+C7*(A22+1) -> 3845.535 | D22: =(1+D4+D5*A22/8)*B9+D6+D7*(A22+1) -> 2264.855 | E22: =(2+E4+E5*A22/8)*B9+E6+E7*(A22+1) -> 3298.195 | G22: =B22/A22 -> 401.74214 | H22: =C22/A22 -> 549.36214 | J22: =G22*1.3 -> 522.26479 | K22: =H22*1.3 -> 714.17079
A23: 8 | B23: =(1+B4+B5*A23/8)*B9+B6+B7*(A23+1) -> 2991.03 | C23: =(2+C4+C5*A23/8)*B9+C6+C7*(A23+1) -> 4066.37 | D23: =(1+D4+D5*A23/8)*B9+D6+D7*(A23+1) -> 2443.69 | E23: =(2+E4+E5*A23/8)*B9+E6+E7*(A23+1) -> 3519.03 | G23: =B23/A23 -> 373.87875 | H23: =C23/A23 -> 508.29625 | J23: =G23*1.3 -> 486.04238 | K23: =H23*1.3 -> 660.78513
A24: 9 | B24: =(1+B4+B5*A24/8)*B9+B6+B7*(A24+1) -> 3169.865 | C24: =(2+C4+C5*A24/8)*B9+C6+C73*(A24+1) -> 3447.205 | D24: =(1+D4+D5*A24/8)*B9+D6+D7*(A24+1) -> 2622.525 | E24: =(2+E4+E5*A24/8)*B9+E6+E7*(A24+1) -> 3739.865 | G24: =B24/A24 -> 352.20722 | H24: =C24/A24 -> 383.02278 | J24: =G24*1.3 -> 457.86939 | K24: =H24*1.3 -> 497.92961
F25: moyenne : | G25: =AVERAGE(G17:G24) -> 535.56383 | H25: =AVERAGE(H17:H24) -> 734.92584 | J25: =AVERAGE(J17:J24) -> 696.23298 | K25: =AVERAGE(K17:K24) -> 955.40359
J26: Prix minimum (HT) à pratiquer
G28: [Rappel moyenne concurrents: 735 pour 1 jour / 1245 pour 2 jours]

Sheet coût prospection
A1: Coût unitaire (HT) | F1: Date d'envoi | G1: Nombre de contacts | I1: Nombre d'information par plaquette | J1: Formations | K1: Coût de prospection par formation (HT) | L1: Coût par plaquette
A2: Plaquette | B2: Enveloppe | C2: Timbre | D2: Nombre | G2: eMail | H2: Plaquette
A3: =249/452 -> 0.55088496 | B3: =(440/2000) -> 0.22 | C3: 0.5 | D3: 452 | F3: 21-22/10/2003 | H3: 435 | I3: 3 | J3: Management Qualité 2-3/12/03 | K3: =IF(OR(ISNUMBER(G3),ISNUMBER(H3)),(A3+B3+C3)*D3/I3,"") -> 191.48 | L3: =IF(H3="","",K3/H3) -> 0.44018391
A4: 0.55088496 | B4: 0.22 | C4: 0.5 | D4: 452 | F4: 21-22/10/2003 | H4: 435 | I4: 3 | J4: Secrétaires 08/01/04 | K4: =IF(OR(ISNUMBER(G4),ISNUMBER(H4)),(A4+B4+C4)*D4/I4,"") -> 191.48 | L4: =IF(H4="","",K4/H4) -> 0.44018391
A5: 0.55088496 | B5: 0.22 | C5: 0.5 | D5: 452 | F5: 21-22/10/2003 | H5: 435 | I5: 3 | J5: Savoir-Faire Audit 15-16/01/04 | K5: =IF(OR(ISNUMBER(G5),ISNUMBER(H5)),(A5+B5+C5)*D5/I5,"") -> 191.48 | L5: =IF(H5="","",K5/H5) -> 0.44018391
A6: =307/378 -> 0.81216931 | B6: 0.22 | C6: 0.5 | D6: 378 | F6: 37987 | H6: =378+6 -> 384 | I6: 4 | J6: Projet loi Huriet | K6: =IF(OR(ISNUMBER(G6),ISNUMBER(H6)),(A6+B6+C6)*D6/I6,"") -> 144.79 | L6: =IF(H6="","",K6/H6) -> 0.37705729
A7: 0.81 | B7: 0.22 | C7: 0.53 | D7: 51 | F7: 38626 | H7: 51 | I7: 4 | K7: =IF(OR(ISNUMBER(G7),ISNUMBER(H7)),(A7+B7+C7)*D7/I7,"") -> 19.89 | L7: =IF(H7="","",K7/H7) -> 0.39
K8: =IF(OR(ISNUMBER(G8),ISNUMBER(H8)),(A8+B8+C8)*D8/I8,"") | L8: =IF(H8="","",K8/H8)
K9: =IF(OR(ISNUMBER(G9),ISNUMBER(H9)),(A9+B9+C9)*D9/I9,"") | L9: =IF(H9="","",K9/H9)
K10: =IF(OR(ISNUMBER(G10),ISNUMBER(H10)),(A10+B10+C10)*D10/I10,"") | L10: =IF(H10="","",K10/H10)
K11: =IF(OR(ISNUMBER(G11),ISNUMBER(H11)),(A11+B11+C11)*D11/I11,"") | L11: =IF(H11="","",K11/H11)
K12: =IF(OR(ISNUMBER(G12),ISNUMBER(H12)),(A12+B12+C12)*D12/I12,"") | L12: =IF(H12="","",K12/H12)
K13: =IF(OR(ISNUMBER(G13),ISNUMBER(H13)),(A13+B13+C13)*D13/I13,"") | L13: =IF(H13="","",K13/H13)
K14: =IF(OR(ISNUMBER(G14),ISNUMBER(H14)),(A14+B14+C14)*D14/I14,"") | L14: =IF(H14="","",K14/H14)
K15: =IF(OR(ISNUMBER(G15),ISNUMBER(H15)),(A15+B15+C15)*D15/I15,"") | L15: =IF(H15="","",K15/H15)
K16: =IF(OR(ISNUMBER(G16),ISNUMBER(H16)),(A16+B16+C16)*D16/I16,"") | L16: =IF(H16="","",K16/H16)
K17: =IF(OR(ISNUMBER(G17),ISNUMBER(H17)),(A17+B17+C17)*D17/I17,"") | L17: =IF(H17="","",K17/H17)
K18: =IF(OR(ISNUMBER(G18),ISNUMBER(H18)),(A18+B18+C18)*D18/I18,"") | L18: =IF(H18="","",K18/H18)
K19: =IF(OR(ISNUMBER(G19),ISNUMBER(H19)),(A19+B19+C19)*D19/I19,"") | L19: =IF(H19="","",K19/H19)
... K29: =IF(OR(ISNUMBER(G29),ISNUMBER(H29)),(A29+B29+C29)*D29/I29,"") | L29: =IF(H29="","",K29/H29)
B31: =données à compléter

Sheet Formations réalisées
A1: Date | B1: Formation | C1: Nb de participants | D1: Paiement reçu (quelque soit le nombre de participants) | E1: Coût de prospection (report de l'onglet "Coût prospection") | F1: Temps de préparation (rédaction, admin) + Formation (en jours) | G1: Coût location de salle, repas | H1: Coût réel de la formation ("temps préparation"+ "coût location salle, repas") | I1: Bénéfice (coût réel) | J1: Rentabilité (coût réel) | K1: Coût théorique de la formation (1000 HT/j) | L1: Bénéfice (/devis) | M1: Rentabilité (/devis) | N1: Type
A2: moy 2000-2002 | B2: 7 | C2: 4 | D2: 1425 | E2: 0 | H2: 1916 | I2: =IF(ISNUMBER(H2),D2-E2-H2,"") -> -491 | J2: =IF(ISNUMBER(H2),I2/D2,"") -> -0.3445614 | K2: =3860-150-42*5 -> 3500 | L2: =IF(ISNUMBER(K2),D2-E2-K2,"") -> -2075 | M2: =IF(ISNUMBER(K2),L2/D2,"") -> -1.4561404 | N2: inter et intra cumulé | O2: (-location -repas)
A3: 01 à 09/2003 | B3: 5 | C3: 12 | D3: 2260 | E3: 0 | H3: ='Coût théorique'!B22-150-42*8 -> 2326.195 | I3: =IF(ISNUMBER(H3),D3-E3-H3,"") -> -66.195005 | J3: =IF(ISNUMBER(H3),I3/D3,"") -> -0.029289825 | K3: =4736-150-42*8 -> 4250 | L3: =IF(ISNUMBER(K3),D3-E3-K3,"") -> -1990 | M3: =IF(ISNUMBER(K3),L3/D3,"") -> -0.88053097 | N3: inter et intra cumulé | O3: (-location -repas)
A4: 2-3/12/2003 | B4: Management Qualité | C4: 5 | D4: =1600+7500 -> 9100 | E4: ='coût prospection'!K3 -> 191.48 | F4: =2+2+(0.12+0.61+0.52+0.33) -> 5.58 | G4: 1360 | H4: =F4*547+1360 -> 4412.26 | I4: =IF(ISNUMBER(H4),D4-E4-H4,"") -> 4496.26 | J4: =IF(ISNUMBER(H4),I4/D4,"") -> 0.49409451 | K4: =F4*1000+1360 -> 6940 | L4: =IF(ISNUMBER(K4),D4-E4-K4,"") -> 1968.52 | M4: =IF(ISNUMBER(K4),L4/D4,"") -> 0.21632088 | N4: inter (GM+FAN) | O4: (location+repas+pauses:1360) +V Coste (Cardialpha)
A5: 37994 | B5: Secrétaires | C5: 6 | D5: =2250+750+750+750 -> 4500 | E5: ='coût prospection'!K3 -> 191.48 | F5: =2+0.77+0.05+1.16 -> 3.98 | G5: 560 | H5: =560+F5*547 -> 2737.06 | I5: =IF(ISNUMBER(H5),D5-E5-H5,"") -> 1571.46 | J5: =IF(ISNUMBER(H5),I5/D5,"") -> 0.34921333 | K5: =560+F5*1000 -> 4540 | L5: =IF(ISNUMBER(K5),D5-E5-K5,"") -> -231.48 | M5: =IF(ISNUMBER(K5),L5/D5,"") -> -0.05144 | N5: inter (FAN) | O5: +Manuela
A6: 15-16/01/2004 | B6: Savoir-faire Audit | C6: 5 | D6: =3200+1000 -> 4200 | E6: ='coût prospection'!K3 -> 191.48 | F6: =0.19+0.47+2 -> 2.66 | G6: =894.29+58.89 -> 953.18 | H6: =IF(D6="","",F6*547+G6) -> 2408.2 | I6: =IF(ISNUMBER(H6),D6-E6-H6,"") -> 1600.32 | J6: =IF(ISNUMBER(H6),I6/D6,"") -> 0.38102857 | K6: =IF(G6="","",F6*1000+G6) -> 3613.18 | L6: =IF(ISNUMBER(K6),D6-E6-K6,"") -> 395.34 | M6: =IF(ISNUMBER(K6),L6/D6,"") -> 0.094128571 | N6: inter (FAN) | O6: +Mélanie et Sandra
A7: 38009 | B7: Projet Loi Huriet NAXIS | C7: - | D7: 1900 | E7: =145/C33 -> 24.166667 | F7: =(D7-E7)/1000 -> 1.8758333 | G7: 0 | H7: =IF(D7="","",F7*547+G7) -> 1026.0808 | I7: =IF(ISNUMBER(H7),D7-E7-H7,"") -> 849.7525 | J7: =IF(ISNUMBER(H7),I7/D7,"") -> 0.44723816 | K7: =IF(G7="","",F7*1000+G7) -> 1875.8333 | L7: =IF(ISNUMBER(K7),D7-E7-K7,"") -> 0 | M7: =IF(ISNUMBER(K7),L7/D7,"") -> 0 | N7: intra (GM) | O7: temps approx
A8: 38020 | B8: Projet Loi Huriet MAPI | C8: - | D8: 1500 | E8: =145/C33 -> 24.166667 | F8: =(D8-E8)/1000 -> 1.4758333 | G8: 0 | H8: =IF(D8="","",F8*547+G8) -> 807.28083 | I8: =IF(ISNUMBER(H8),D8-E8-H8,"") -> 668.5525 | J8: =IF(ISNUMBER(H8),I8/D8,"") -> 0.44570167 | K8: =IF(G8="","",F8*1000+G8) -> 1475.8333 | L8: =IF(ISNUMBER(K8),D8-E8-K8,"") -> 0 | M8: =IF(ISNUMBER(K8),L8/D8,"") -> 0 | N8: intra (GM) | O8: temps approx
A9: 38065 | B9: Projet Loi Huriet Novo Nordisk | C9: - | D9: 2000 | E9: =145/C33 -> 24.166667 | F9: =(D9-E9)/1000 -> 1.9758333 | G9: 0 | H9: =IF(D9="","",F9*547+G9) -> 1080.7808 | I9: =IF(ISNUMBER(H9),D9-E9-H9,"") -> 895.0525 | J9: =IF(ISNUMBER(H9),I9/D9,"") -> 0.44752625 | K9: =IF(G9="","",F9*1000+G9) -> 1975.8333 | L9: =IF(ISNUMBER(K9),D9-E9-K9,"") -> 0 | M9: =IF(ISNUMBER(K9),L9/D9,"") -> 0 | N9: intra (GM) | O9: temps approx
A10: 02-03-04/2004 | B10: Projet Loi Huriet Pfizer | C10: 92 | D10: =(2.725+8+4.5)*1000 -> 15225 | E10: =145/C33 -> 24.166667 | F10: =1.83+6.61+4.5+0.5/C33 -> 13.023333 | G10: 0 | H10: =IF(D10="","",F10*547+G10) -> 7123.7633 | I10: =IF(ISNUMBER(H10),D10-E10-H10,"") -> 8077.07 | J10: =IF(ISNUMBER(H10),I10/D10,"") -> 0.53051363 | K10: =IF(G10="","",F10*1000+G10) -> 13023.333 | L10: =IF(ISNUMBER(K10),D10-E10-K10,"") -> 2177.5 | M10: =IF(ISNUMBER(K10),L10/D10,"") -> 0.14302135 | N10: intra (FAN, SD)
A11: 29-30/04/04 | B11: Management Qualité | C11: 3 | D11: =1600*3 -> 4800 | E11: 0 | F11: =0.31+2 -> 2.31 | G11: =14.8+14.1+92.1+62.67+12.74 -> 196.41 | H11: =IF(D11="","",F11*547+G11) -> 1459.98 | I11: =IF(ISNUMBER(H11),D11-E11-H11,"") -> 3340.02 | J11: =IF(ISNUMBER(H11),I11/D11,"") -> 0.6958375 | K11: =IF(G11="","",F11*1000+G11) -> 2506.41 | L11: =IF(ISNUMBER(K11),D11-E11-K11,"") -> 2293.59 | M11: =IF(ISNUMBER(K11),L11/D11,"") -> 0.47783125 | N11: inter (GM+FAN)
A12: 38147 | B12: BPC Investigateur Novo Nordisk | C12: 8 | D12: 900 | E12: 0 | F12: 1 | G12: 0 | H12: =IF(D12="","",F12*547+G12) -> 547 | I12: =IF(ISNUMBER(H12),D12-E12-H12,"") -> 353 | J12: =IF(ISNUMBER(H12),I12/D12,"") -> 0.39222222 | K12: =IF(G12="","",F12*1000+G12) -> 1000 | L12: =IF(ISNUMBER(K12),D12-E12-K12,"") -> -100 | M12: =IF(ISNUMBER(K12),L12/D12,"") -> -0.11111111 | N12: inter (EM) | O12: +1 jour de prépa de Cdrom !!
A13: 38148 | B13: CIC Marseille - MAJ Loi Huriet | C13: 18 | D13: 2000 | E13: =145/C33 -> 24.166667 | F13: =(5.22+8)/8 -> 1.6525 | G13: 0 | H13: =IF(D13="","",F13*547+G13) -> 903.9175 | I13: =IF(ISNUMBER(H13),D13-E13-H13,"") -> 1071.9158 | J13: =IF(ISNUMBER(H13),I13/D13,"") -> 0.53595792 | K13: =IF(G13="","",F13*1000+G13) -> 1652.5 | L13: =IF(ISNUMBER(K13),D13-E13-K13,"") -> 323.33333 | M13: =IF(ISNUMBER(K13),L13/D13,"") -> 0.16166667 | N13: inter (FAN)
A14: 38328 | B14: BPC Investigateurs Novo Montpellier | C14: 12 | D14: =3588/2+1644.5 -> 3438.5 | E14: 0 | F14: 3.09 | G14: 0 | H14: =IF(D14="","",F14*547+G14) -> 1690.23 | I14: =IF(ISNUMBER(H14),D14-E14-H14,"") -> 1748.27 | J14: =IF(ISNUMBER(H14),I14/D14,"") -> 0.50843973 | K14: =IF(G14="","",F14*1000+G14) -> 3090 | L14: =IF(ISNUMBER(K14),D14-E14-K14,"") -> 348.5 | M14: =IF(ISNUMBER(K14),L14/D14,"") -> 0.10135233 | N14: intra (EM)
A15: 38330 | B15: BPC Investigateurs Novo Paris | C15: 17 | D15: =3588/2+1106.3 -> 2900.3 | E15: 0 | F15: 2.16 | G15: 0 | H15: =IF(D15="","",F15*547+G15) -> 1181.52 | I15: =IF(ISNUMBER(H15),D15-E15-H15,"") -> 1718.78 | J15: =IF(ISNUMBER(H15),I15/D15,"") -> 0.59262145 | K15: =IF(G15="","",F15*1000+G15) -> 2160 | L15: =IF(ISNUMBER(K15),D15-E15-K15,"") -> 740.3 | M15: =IF(ISNUMBER(K15),L15/D15,"") -> 0.25524946 | N15: intra (EM)
A16: 16-17/12/04 | B16: Management Qualité | C16: 5 | D16: 1600 | E16: 0 | F16: 2.18 | G16: =100 -> 100 | H16: =IF(D16="","",F16*547+G16) -> 1292.46 | I16: =IF(ISNUMBER(H16),D16-E16-H16,"") -> 307.54 | J16: =IF(ISNUMBER(H16),I16/D16,"") -> 0.1922125 | K16: =IF(G16="","",F16*1000+G16) -> 2280 | L16: =IF(ISNUMBER(K16),D16-E16-K16,"") -> -680 | M16: =IF(ISNUMBER(K16),L16/D16,"") -> -0.425 | N16: inter
A17: 38401 | B17: Dir Eur MAPI | D17: 2800 | E17: 0 | F17: =(60*8+103+183+114+109+25+7*60)/(60*8) -> 2.9875 | G17: 0 | H17: =IF(D17="","",F17*547+G17) -> 1634.1625 | I17: =IF(ISNUMBER(H17),D17-E17-H17,"") -> 1165.8375 | J17: =IF(ISNUMBER(H17),I17/D17,"") -> 0.41637054 | K17: =IF(G17="","",F17*1000+G17) -> 2987.5 | L17: =IF(ISNUMBER(K17),D17-E17-K17,"") -> -187.5 | M17: =IF(ISNUMBER(K17),L17/D17,"") -> -0.066964286 | N17: intra (SD) | O17: 1 j de capitalisation+1h40 de questions après formation
A18: 17-18/03/05 | B18: Savoir-faire Audit | C18: 5 | D18: 3200 | E18: =145/C33 -> 24.166667 | F18: 3.07 | G18: =106.4+155.3+20 -> 281.7 | H18: =IF(D18="","",F18*547+G18) -> 1960.99 | I18: =IF(ISNUMBER(H18),D18-E18-H18,"") -> 1214.8433 | J18: =IF(ISNUMBER(H18),I18/D18,"") -> 0.37963854 | K18: =IF(G18="","",F18*1000+G18) -> 3351.7 | L18: =IF(ISNUMBER(K18),D18-E18-K18,"") -> -175.86667 | M18: =IF(ISNUMBER(K18),L18/D18,"") -> -0.054958333 | N18: inter
A19: 17-18/11/05 | B19: Savoir-faire Audit | C19: 3 | D19: 3200 | E19: 0 | F19: 0 | G19: =20.07+7.35+44.5+4.9+1.1+56 -> 133.92 | H19: =IF(D19="","",F19*547+G19) -> 133.92 | I19: =IF(ISNUMBER(H19),D19-E19-H19,"") -> 3066.08 | J19: =IF(ISNUMBER(H19),I19/D19,"") -> 0.95815 | K19: =IF(G19="","",F19*1000+G19) -> 133.92 | L19: =IF(ISNUMBER(K19),D19-E19-K19,"") -> 3066.08 | M19: =IF(ISNUMBER(K19),L19/D19,"") -> 0.95815 | N19: inter (FAN)
A20: 38748 | B20: BPC SYNARC | C20: 5 | D20: 1500 | E20: 0 | F20: 1.05 | G20: 0 | H20: =IF(D20="","",F20*547+G20) -> 574.35 | I20: =IF(ISNUMBER(H20),D20-E20-H20,"") -> 925.65 | J20: =IF(ISNUMBER(H20),I20/D20,"") -> 0.6171 | K20: =IF(G20="","",F20*1000+G20) -> 1050 | L20: =IF(ISNUMBER(K20),D20-E20-K20,"") -> 450 | M20: =IF(ISNUMBER(K20),L20/D20,"") -> 0.3 | N20: intra (EM)
A21: 38740 | B21: LPSP FOURNIER | C21: 20 | D21: 2000 | E21: 0 | F21: 0 | G21: 0 | H21: =IF(D21="","",F21*547+G21) -> 0 | I21: =IF(ISNUMBER(H21),D21-E21-H21,"") -> 2000 | J21: =IF(ISNUMBER(H21),I21/D21,"") -> 1 | K21: =IF(G21="","",F21*1000+G21) -> 0 | L21: =IF(ISNUMBER(K21),D21-E21-K21,"") -> 2000 | M21: =IF(ISNUMBER(K21),L21/D21,"") -> 1 | N21: intra (FAN) | O21: formulaires d'évaluation FOURNIER
A22: 38797 | B22: Lab centraux FOURNIER | C22: 13 | D22: 2000 | E22: 0 | F22: 0 | G22: 0 | H22: =IF(D22="","",F22*547+G22) -> 0 | I22: =IF(ISNUMBER(H22),D22-E22-H22,"") -> 2000 | J22: =IF(ISNUMBER(H22),I22/D22,"") -> 1 | K22: =IF(G22="","",F22*1000+G22) -> 0 | L22: =IF(ISNUMBER(K22),D22-E22-K22,"") -> 2000 | M22: =IF(ISNUMBER(K22),L22/D22,"") -> 1 | N22: intra (EM)
H23: =IF(D23="","",F23*547+G23) | I23: =IF(ISNUMBER(H23),D23-E23-H23,"") | J23: =IF(ISNUMBER(H23),I23/D23,"") | K23: =IF(G23="","",F23*1000+G23) | L23: =IF(ISNUMBER(K23),D23-E23-K23,"") | M23: =IF(ISNUMBER(K23),L23/D23,"")
H24: =IF(D24="","",F24*547+G24) | I24: =IF(ISNUMBER(H24),D24-E24-H24,"") | J24: =IF(ISNUMBER(H24),I24/D24,"") | K24: =IF(G24="","",F24*1000+G24) | L24: =IF(ISNUMBER(K24),D24-E24-K24,"") | M24: =IF(ISNUMBER(K24),L24/D24,"")
H25: =IF(D25="","",F25*547+G25) | I25: =IF(ISNUMBER(H25),D25-E25-H25,"") | J25: =IF(ISNUMBER(H25),I25/D25,"") | K25: =IF(G25="","",F25*1000+G25) | L25: =IF(ISNUMBER(K25),D25-E25-K25,"") | M25: =IF(ISNUMBER(K25),L25/D25,"")
H26: =IF(D26="","",F26*547+G26) | I26: =IF(ISNUMBER(H26),D26-E26-H26,"") | J26: =IF(ISNUMBER(H26),I26/D26,"") | K26: =IF(G26="","",F26*1000+G26) | L26: =IF(ISNUMBER(K26),D26-E26-K26,"") | M26: =IF(ISNUMBER(K26),L26/D26,"")
H27: =IF(D27="","",F27*547+G27) | I27: =IF(ISNUMBER(H27),D27-E27-H27,"") | J27: =IF(ISNUMBER(H27),I27/D27,"") | K27: =IF(G27="","",F27*1000+G27) | L27: =IF(ISNUMBER(K27),D27-E27-K27,"") | M27: =IF(ISNUMBER(K27),L27/D27,"")
H28: =IF(D28="","",F28*547+G28) | I28: =IF(ISNUMBER(H28),D28-E28-H28,"") | J28: =IF(ISNUMBER(H28),I28/D28,"") | K28: =IF(G28="","",F28*1000+G28) | L28: =IF(ISNUMBER(K28),D28-E28-K28,"") | M28: =IF(ISNUMBER(K28),L28/D28,"")
H29: =IF(D29="","",F29*547+G29) | I29: =IF(ISNUMBER(H29),D29-E29-H29,"") | J29: =IF(ISNUMBER(H29),I29/D29,"") | K29: =IF(G29="","",F29*1000+G29) | L29: =IF(ISNUMBER(K29),D29-E29-K29,"") | M29: =IF(ISNUMBER(K29),L29/D29,"")
H30: =IF(D30="","",F30*547+G30) | I30: =IF(ISNUMBER(H30),D30-E30-H30,"") | J30: =IF(ISNUMBER(H30),I30/D30,"") | K30: =IF(G30="","",F30*1000+G30) | L30: =IF(ISNUMBER(K30),D30-E30-K30,"") | M30: =IF(ISNUMBER(K30),L30/D30,"")
B32: =données à compléter | I32: Moyenne 2000-2002 | J32: =AVERAGE(J2) -> -0.3445614 | L32: Moyenne 2000-2002 | M32: =AVERAGE(M2) -> -1.4561404
A33: nb formation liée à la plaquette 1er sem 2005 : | C33: 6 | I33: Moyenne 2003 | J33: =AVERAGE(J3:J4) -> 0.23240234 | L33: Moyenne 2003 | M33: =AVERAGE(M3:M4) -> -0.33210505
A34: nb formation liée à la plaquette4eme sem 2005 : | C34: 2 | I34: Moyenne 2004 | J34: =AVERAGE(J5:J13) -> 0.46947103 | L34: Moyenne 2004 | M34: =AVERAGE(M5:M13) -> 0.07934408
L35: Moyenne 2005 | M35: =AVERAGE(M17:M18) -> -0.06096131
L36: Moyenne 2006 | M36: =AVERAGE(M20:M22) -> 0.76666667

Sheet Evaluations
A1: Date | B1: Formation | C1: Nb de participants | D1: EVALUATION (%) | H1: Moyenne | I1: Type
D2: Contenu de la formation | E2: Méthode et supports | F2: Satisfaction des besoins | G2: Satisfaction globale
A3: moy 2000-2002 | B3: 7 | C3: 4 | D3: - | E3: - | F3: - | G3: - | I3: ='Formations réalisées'!N2 -> inter et intra cumulé | J3: ='Formations réalisées'!O2 -> (-location -repas)
A4: 01 à 09/2003 | B4: 5 | C4: 12 | D4: =(90+90+80+90+70+80+90+95+60+99+90+80)/12 -> 84.5 | E4: =(90+90+70+90+80+80+80+100+60+99+80+75)/12 -> 82.833333 | F4: =(90+90+80+90+60+80+90+100+60+100+90+90)/12 -> 85 | G4: =(95+90+80+90+75+80+90+95+60+99.99+85+90)/12 -> 85.8325 | H4: =IF(D4=0,"",AVERAGE(D4:G4)) -> 84.541458 | I4: ='Formations réalisées'!N3 -> inter et intra cumulé | J4: ='Formations réalisées'!O3 -> (-location -repas)
A5: ='Formations réalisées'!A4 -> 2-3/12/2003 | B5: ='Formations réalisées'!B4 -> Management Qualité | C5: ='Formations réalisées'!C4 -> 5 | D5: - | E5: - | F5: - | G5: - | I5: ='Formations réalisées'!N4 -> inter (GM+FAN) | J5: ='Formations réalisées'!O4 -> (location+repas+pauses:1360) +V Coste (Cardialpha)
A6: ='Formations réalisées'!A5 -> 37994 | B6: ='Formations réalisées'!B5 -> Secrétaires | C6: ='Formations réalisées'!C5 -> 6 | D6: =(90+80+95+85+100)/5 -> 90 | E6: =(100+80+100+100+80)/5 -> 92 | F6: =(90+80+100+90+100)/5 -> 92 | G6: =(90+90+100+90+100)/5 -> 94 | H6: =IF(D6=0,"",AVERAGE(D6:G6)) -> 92 | I6: ='Formations réalisées'!N5 -> inter (FAN) | J6: ='Formations réalisées'!O5 -> +Manuela
A7: ='Formations réalisées'!A6 -> 15-16/01/2004 | B7: ='Formations réalisées'!B6 -> Savoir-faire Audit | C7: ='Formations réalisées'!C6 -> 5 | D7: =(100+100+95+95+100)/5 -> 98 | E7: =(100+100+95+95+100)/5 -> 98 | F7: =(100+100+95+95+100)/5 -> 98 | G7: =(100+100+95+95+100)/5 -> 98 | H7: =IF(D7=0,"",AVERAGE(D7:G7)) -> 98 | I7: ='Formations réalisées'!N6 -> inter (FAN) | J7: ='Formations réalisées'!O6 -> +Mélanie et Sandra
A8: ='Formations réalisées'!A7 -> 38009 | B8: ='Formations réalisées'!B7 -> Projet Loi Huriet NAXIS | C8: ='Formations réalisées'!C7 -> - | D8: - | E8: - | F8: - | G8: - | I8: ='Formations réalisées'!N7 -> intra (GM) | J8: ='Formations réalisées'!O7 -> temps approx
A9: ='Formations réalisées'!A8 -> 38020 | B9: ='Formations réalisées'!B8 -> Projet Loi Huriet MAPI | C9: ='Formations réalisées'!C8 -> - | D9: - | E9: - | F9: - | G9: - | I9: ='Formations réalisées'!N8 -> intra (GM) | J9: ='Formations réalisées'!O8 -> temps approx | N9: 38079 | O9: 9H30-12H30 | X9: 38079 | Y9: 14-17HOO | AL9: 38076 | AM9: 9H30-12H30 | AW9: 38072 | AX9: 14-17H30 | BL9: 38071 | BM9: 14-16H00 | BQ9: 38071 | BR9: MATIN | BW9: 38064 | BX9: 14H00-17H00 | CC9: 38061 | CD9: 14H00-17H30 | CN9: 38076 | CO9: 14H00-16H15 | CP9: (SD)
A10: ='Formations réalisées'!A9 -> 38065 | B10: ='Formations réalisées'!B9 -> Projet Loi Huriet Novo Nordisk | C10: ='Formations réalisées'!C9 -> - | D10: - | E10: - | F10: - | G10: - | I10: ='Formations réalisées'!N9 -> intra (GM) | J10: ='Formations réalisées'!O9 -> temps approx | M10: Contenu | N10: 90 | O10: 100 | P10: 80 | Q10: 80 | R10: 100 | S10: 100 | T10: 100 | U10: 90 | V10: 100 | W10: 100 | X10: 100 | Y10: 100 | Z10: 100 | AA10: 80 | AB10: 75 | AC10: 80 | AD10: 80 | AE10: 80 | AF10: 90 | AG10: 100 | AH10: 100 | AI10: 70 | AJ10: 80 | AK10: 100 | AL10: 90 | AM10: 99 | AN10: 80 | AO10: 90 | AP10: 80 | AQ10: 95 | AR10: 90 | AS10: 80 | AT10: 80 | AU10: 90 | AV10: 90 | AW10: 75 | AX10: 90 | AY10: 90 | AZ10: 90 | BA10: 90 | BB10: 90 | BC10: 80 | BD10: 100 | BE10: 100 | BF10: 90 | BG10: 90 | BH10: 100 | BI10: 90 | BJ10: 90 | BK10: 100 | BL10: 80 | BM10: 80 | BN10: 100 | BO10: 100 | BP10: 100 | BQ10: 100 | BR10: 100 | BS10: 100 | BT10: 95 | BU10: 80 | BV10: 100 | BW10: 80 | BX10: 99.9 | BY10: 100 | BZ10: 90 | CA10: 90 | CB10: 80 | CC10: 80 | CD10: 75 | CE10: 90 | CF10: 80 | CG10: 100 | CH10: 80 | CI10: 60 | CJ10: 65 | CK10: 100 | CL10: 90 | CM10: 100 | CN10: 60 | CO10: 90 | CP10: 90 | CQ10: 80 | CR10: 90 | CS10: 100 | CT10: 100 | CU10: 70 | CV10: 100 | CW10: 100 | CX10: 100 | CY10: 80 | CZ10: 80 | DA10: 90
A11: ='Formations réalisées'!A10 -> 02-03-04/2004 | B11: ='Formations réalisées'!B10 -> Projet Loi Huriet Pfizer | C11: 92 | D11: 89.4 | E11: 85 | F11: 87 | G11: 86.4 | H11: =IF(D11=0,"",AVERAGE(D11:G11)) -> 86.95 | I11: ='Formations réalisées'!N10 -> intra (FAN, SD) | J11: =IF('Formations réalisées'!O10=0,"",'Formations réalisées'!O10) | L11: Sessions Pfizer | M11: Méthode | N11: 100 | O11: 100 | P11: 80 | Q11: 80 | R11: 100 | S11: 100 | T11: 100 | U11: 90 | V11: 100 | W11: 100 | X11: 100 | Y11: 100 | Z11: 90 | AA11: 80 | AB11: 70 | AC11: 80 | AD11: 50 | AE11: 70 | AF11: 100 | AG11: 100 | AH11: 100 | AI11: 70 | AJ11: 80 | AK11: 80 | AL11: 90 | AM11: 99 | AN11: 90 | AO11: 80 | AP11: 80 | AQ11: 80 | AR11: 90 | AS11: 80 | AT11: 80 | AU11: 80 | AV11: 90 | AW11: 75 | AX11: 90 | AY11: 80 | AZ11: 90 | BA11: 90 | BB11: 90 | BC11: 80 | BD11: 100 | BE11: 100 | BF11: 90 | BG11: 80 | BH11: 100 | BI11: 80 | BJ11: 85 | BK11: 100 | BL11: 90 | BM11: 70 | BN11: 100 | BO11: 100 | BP11: 100 | BQ11: 100 | BS11: 100 | BT11: 95 | BU11: 80 | BV11: 90 | BW11: 70 | BX11: 95 | BY11: 100 | BZ11: 90 | CA11: 90 | CB11: 80 | CC11: 80 | CD11: 75 | CE11: 85 | CF11: 80 | CG11: 100 | CH11: 80 | CI11: 60 | CJ11: 50 | CK11: 80 | CL11: 90 | CM11: 100 | CN11: 50 | CO11: 70 | CP11: 50 | CQ11: 50 | CR11: 70 | CS11: 100 | CT11: 100 | CU11: 50 | CV11: 80 | CW11: 70 | CX11: 80 | CY11: 80 | CZ11: 80 | DA11: 90
A12: ='Formations réalisées'!A11 -> 29-30/04/04 | B12: ='Formations réalisées'!B11 -> Management Qualité | C12: ='Formations réalisées'!C11 -> 3 | D12: =(90)/1 -> 90 | E12: =(90)/1 -> 90 | F12: =(80)/1 -> 80 | G12: =(90)/1 -> 90 | H12: =IF(D12=0,"",AVERAGE(D12:G12)) -> 87.5 | I12: ='Formations réalisées'!N11 -> inter (GM+FAN) | J12: =IF('Formations réalisées'!O11=0,"",'Formations réalisées'!O11) | M12: Satisfaction | N12: 90 | O12: 100 | P12: 80 | Q12: 80 | R12: 100 | S12: 100 | T12: 100 | U12: 90 | V12: 100 | W12: 100 | X12: 100 | Y12: 100 | Z12: 80 | AA12: 80 | AB12: 70 | AC12: 70 | AD12: 90 | AE12: 70 | AF12: 90 | AG12: 100 | AH12: 100 | AI12: 70 | AJ12: 85 | AK12: 100 | AL12: 90 | AM12: 99 | AN12: 80 | AO12: 90 | AP12: 80 | AQ12: 95 | AR12: 90 | AS12: 80 | AT12: 100 | AU12: 90 | AV12: 95 | AW12: 75 | AX12: 100 | AY12: 90 | AZ12: 90 | BA12: 90 | BB12: 75 | BC12: 80 | BD12: 100 | BE12: 100 | BF12: 100 | BG12: 80 | BH12: 80 | BI12: 80 | BJ12: 90 | BK12: 80 | BL12: 90 | BM12: 85 | BN12: 100 | BO12: 100 | BP12: 100 | BQ12: 100 | BR12: 100 | BS12: 100 | BT12: 90 | BU12: 80 | BV12: 100 | BW12: 80 | BX12: 99.9 | BY12: 100 | BZ12: 100 | CA12: 100 | CB12: 50 | CC12: 50 | CD12: 70 | CE12: 85 | CF12: 75 | CG12: 100 | CH12: 50 | CI12: 60 | CJ12: 50 | CK12: 70 | CL12: 100 | CM12: 100 | CN12: 50 | CO12: 90 | CP12: 80 | CQ12: 80 | CR12: 90 | CS12: 100 | CT12: 100 | CU12: 70 | CV12: 90 | CW12: 100 | CX12: 80 | CY12: 80 | CZ12: 80 | DA12: 90
A13: ='Formations réalisées'!A12 -> 38147 | B13: ='Formations réalisées'!B12 -> BPC Investigateur Novo Nordisk | C13: ='Formations réalisées'!C12 -> 8 | D13: =(80+80)/2 -> 80 | E13: =(90+80)/2 -> 85 | F13: =(85+80)/2 -> 82.5 | G13: =(90+80)/2 -> 85 | H13: =IF(D13=0,"",AVERAGE(D13:G13)) -> 83.125 | I13: ='Formations réalisées'!N12 -> inter (EM) | J13: ='Formations réalisées'!O12 -> +1 jour de prépa de Cdrom !! | L13: Remarque : Projet de loi non publié => présentation sur l'ancien système avec références sur nouveau : dommage + aurait voulu présentation sur la Directive (hors sujet de la formation) | M13: Global | N13: 90 | O13: 100 | P13: 80 | Q13: 80 | R13: 100 | S13: 100 | T13: 100 | U13: 90 | V13: 100 | W13: 100 | X13: 100 | Y13: 100 | Z13: 90 | AA13: 80 | AB13: 70 | AC13: 70 | AD13: 80 | AE13: 70 | AF13: 90 | AG13: 100 | AH13: 100 | AI13: 80 | AJ13: 85 | AK13: 80 | AL13: 100 | AM13: 99 | AN13: 70 | AO13: 90 | AP13: 80 | AQ13: 95 | AR13: 90 | AS13: 80 | AT13: 100 | AU13: 85 | AV13: 90 | AW13: 75 | AX13: 80 | AY13: 90 | AZ13: 80 | BA13: 75 | BB13: 75 | BC13: 80 | BD13: 100 | BE13: 100 | BF13: 100 | BG13: 80 | BH13: 80 | BI13: 80 | BJ13: 90 | BK13: 80 | BL13: 90 | BM13: 80 | BN13: 100 | BO13: 100 | BP13: 100 | BQ13: 100 | BR13: 100 | BS13: 100 | BT13: 95 | BU13: 80 | BV13: 100 | BW13: 80 | BX13: 99.9 | BY13: 100 | BZ13: 95 | CA13: 90 | CB13: 70 | CC13: 60 | CD13: 70 | CE13: 85 | CF13: 75 | CG13: 100 | CH13: 70 | CI13: 60 | CJ13: 60 | CK13: 60 | CL13: 90 | CM13: 100 | CN13: 50 | CO13: 80 | CP13: 70 | CQ13: 80 | CR13: 80 | CS13: 100 | CT13: 100 | CU13: 80 | CV13: 80 | CW13: 100 | CX13: 80 | CY13: 90 | CZ13: 80 | DA13: 90
A14: 38148 | B14: ='Formations réalisées'!B13 -> CIC Marseille - MAJ Loi Huriet | C14: ='Formations réalisées'!C13 -> 18 | D14: =(90+80+80+80+100+100+100+100+100+100+100+50+75+100+100)/15 -> 90.333333 | E14: =(100+80+90+80+100+100+100+100+100+100+100+50+75+100+100)/15 -> 91.666667 | F14: =(90+90+80+80+100+100+100+100+100+100+100+75+80+80+90)/15 -> 91 | G14: =(90+90+90+80+100+100+100+100+100+100+100+75+75+80+90)/15 -> 91.333333 | H14: =IF(D14=0,"",AVERAGE(D14:G14)) -> 91.083333 | I14: inter (FAN) | J14: =IF('Formations réalisées'!O13=0,"",'Formations réalisées'!O13) | K14: =IF('Formations réalisées'!P13=0,"",'Formations réalisées'!P13)
A15: 38328 | B15: BPC Investigateurs Novo Montpellier | C15: 12 | D15: =(100+90+75+70+80+80+80+100+100+90+100)/11 -> 87.727273 | E15: =(100+90+80+80+100+100+70+100+100+90+100)/11 -> 91.818182 | F15: =(100+90+100+100+90+75+70+70+40+60+100)/11 -> 81.363636 | G15: =(70+70+80+75+80+100+100+90+100+70+100)/11 -> 85 | H15: =IF(D15=0,"",AVERAGE(D15:G15)) -> 86.477273 | I15: intra (EM) | J15: Rq : formation "pratique" "vendue" aux Investigateurs mais "réglementation BPC" demandée NOVO | K15: =IF('Formations réalisées'!P14=0,"",'Formations réalisées'!P14)
A16: 38330 | B16: BPC Investigateurs Novo PARIS | C16: =IF('Formations réalisées'!C15=0,"",'Formations réalisées'!C15) -> 17 | D16: =(80+100+100+80+80+100+80+90+80+90+80+90+80+90+80+90)/16 -> 86.875 | E16: =(60+100+100+70+80+100+80+90+50+90+80+95+50+80+80+100)/16 -> 81.5625 | F16: =(80+100+100+80+80+100+80+90+50+70+90+90+70+90+80+80)/16 -> 83.125 | G16: =(80+100+100+90+80+100+80+90+80+90+90+90+70+90+80+80)/16 -> 86.875 | H16: =IF(D16=0,"",AVERAGE(D16:G16)) -> 84.609375 | I16: =IF('Formations réalisées'!N15=0,"",'Formations réalisées'!N15) -> intra (EM) | J16: =IF('Formations réalisées'!O15=0,"",'Formations réalisées'!O15) | K16: =IF('Formations réalisées'!P15=0,"",'Formations réalisées'!P15)
A17: =IF('Formations réalisées'!A16=0,"",'Formations réalisées'!A16) -> 16-17/12/04 | B17: =IF('Formations réalisées'!B16=0,"",'Formations réalisées'!B16) -> Management Qualité | C17: =IF('Formations réalisées'!C16=0,"",'Formations réalisées'!C16) -> 5 | H17: =IF(D17=0,"",AVERAGE(D17:G17)) | I17: =IF('Formations réalisées'!N16=0,"",'Formations réalisées'!N16) -> inter | J17: =IF('Formations réalisées'!O16=0,"",'Formations réalisées'!O16) | K17: =IF('Formations réalisées'!P16=0,"",'Formations réalisées'!P16)
A18: =IF('Formations réalisées'!A17=0,"",'Formations réalisées'!A17) -> 38401 | B18: =IF('Formations réalisées'!B17=0,"",'Formations réalisées'!B17) -> Dir Eur MAPI | C18: =IF('Formations réalisées'!C17=0,"",'Formations réalisées'!C17) | H18: =IF(D18=0,"",AVERAGE(D18:G18)) | I18: =IF('Formations réalisées'!N17=0,"",'Formations réalisées'!N17) -> intra (SD) | J18: =IF('Formations réalisées'!O17=0,"",'Formations réalisées'!O17) -> 1 j de capitalisation+1h40 de questions après formation | K18: =IF('Formations réalisées'!P17=0,"",'Formations réalisées'!P17)
A19: =IF('Formations réalisées'!A18=0,"",'Formations réalisées'!A18) -> 17-18/03/05 | B19: =IF('Formations réalisées'!B18=0,"",'Formations réalisées'!B18) -> Savoir-faire Audit | C19: =IF('Formations réalisées'!C18=0,"",'Formations réalisées'!C18) -> 5 | H19: =IF(D19=0,"",AVERAGE(D19:G19)) | I19: =IF('Formations réalisées'!N18=0,"",'Formations réalisées'!N18) -> inter | J19: =IF('Formations réalisées'!O18=0,"",'Formations réalisées'!O18) | K19: =IF('Formations réalisées'!P18=0,"",'Formations réalisées'!P18)
A20: =IF('Formations réalisées'!A19=0,"",'Formations réalisées'!A19) -> 17-18/11/05 | B20: =IF('Formations réalisées'!B19=0,"",'Formations réalisées'!B19) -> Savoir-faire Audit | C20: =IF('Formations réalisées'!C19=0,"",'Formations réalisées'!C19) -> 3 | H20: =IF(D20=0,"",AVERAGE(D20:G20)) | I20: =IF('Formations réalisées'!N19=0,"",'Formations réalisées'!N19) -> inter (FAN) | J20: =IF('Formations réalisées'!O19=0,"",'Formations réalisées'!O19) | K20: =IF('Formations réalisées'!P19=0,"",'Formations réalisées'!P19)
A21: =IF('Formations réalisées'!A20=0,"",'Formations réalisées'!A20) -> 38748 | B21: =IF('Formations réalisées'!B20=0,"",'Formations réalisées'!B20) -> BPC SYNARC | C21: =IF('Formations réalisées'!C20=0,"",'Formations réalisées'!C20) -> 5 | D21: =(100+80+90+85+90)/5 -> 89 | E21: =(100+70+100+92+100)/5 -> 92.4 | F21: =(75+90+80+90+90)/5 -> 85 | G21: =(90+80+90+90+90)/5 -> 88 | H21: =IF(D21=0,"",AVERAGE(D21:G21)) -> 88.6 | I21: =IF('Formations réalisées'!N20=0,"",'Formations réalisées'!N20) -> intra (EM) | J21: =IF('Formations réalisées'!O20=0,"",'Formations réalisées'!O20) | K21: =IF('Formations réalisées'!P20=0,"",'Formations réalisées'!P20)
A22: =IF('Formations réalisées'!A21=0,"",'Formations réalisées'!A21) -> 38740 | B22: =IF('Formations réalisées'!B21=0,"",'Formations réalisées'!B21) -> LPSP FOURNIER | C22: =IF('Formations réalisées'!C21=0,"",'Formations réalisées'!C21) -> 20 | H22: =IF(D22=0,"",AVERAGE(D22:G22)) | I22: =IF('Formations réalisées'!N21=0,"",'Formations réalisées'!N21) -> intra (FAN) | J22: =IF('Formations réalisées'!O21=0,"",'Formations réalisées'!O21) -> formulaires d'évaluation FOURNIER | K22: =IF('Formations réalisées'!P21=0,"",'Formations réalisées'!P21)
A23: =IF('Formations réalisées'!A22=0,"",'Formations réalisées'!A22) -> 38797 | B23: =IF('Formations réalisées'!B22=0,"",'Formations réalisées'!B22) -> Lab centraux FOURNIER | C23: =IF('Formations réalisées'!C22=0,"",'Formations réalisées'!C22) -> 13 | D23: =(80+98+95+30+70+90+90+60+90+80+90+60+30)/13 -> 74.076923 | E23: =(70+96+100+60+70+100+100+70+90+70+90+70+60)/13 -> 80.461538 | F23: =(80+90+95+30+50+50+90+50+75+80+90+50+30)/13 -> 66.153846 | G23: =(80+97+100+30+70+50+90+60+90+80+90+50+40)/13 -> 71.307692 | H23: =IF(D23=0,"",AVERAGE(D23:G23)) -> 73 | I23: =IF('Formations réalisées'!N22=0,"",'Formations réalisées'!N22) -> intra (EM) | J23: =IF('Formations réalisées'!O22=0,"",'Formations réalisées'!O22) | K23: =IF('Formations réalisées'!P22=0,"",'Formations réalisées'!P22) | L23: Analyse : demande plus internationale, avec des exemples concrets (sic), liste des C. Lab européens, réglementation pays de l'Est … + d'info (mais 2h de temps…)
A24: =IF('Formations réalisées'!A23=0,"",'Formations réalisées'!A23) | B24: =IF('Formations réalisées'!B23=0,"",'Formations réalisées'!B23) | C24: =IF('Formations réalisées'!C23=0,"",'Formations réalisées'!C23) | H24: =IF(D24=0,"",AVERAGE(D24:G24)) | I24: =IF('Formations réalisées'!N23=0,"",'Formations réalisées'!N23) | J24: =IF('Formations réalisées'!O23=0,"",'Formations réalisées'!O23) | K24: =IF('Formations réalisées'!P23=0,"",'Formations réalisées'!P23)
A25: =IF('Formations réalisées'!A24=0,"",'Formations réalisées'!A24) | B25: =IF('Formations réalisées'!B24=0,"",'Formations réalisées'!B24) | C25: =IF('Formations réalisées'!C24=0,"",'Formations réalisées'!C24) | H25: =IF(D25=0,"",AVERAGE(D25:G25)) | I25: =IF('Formations réalisées'!N24=0,"",'Formations réalisées'!N24) | J25: =IF('Formations réalisées'!O24=0,"",'Formations réalisées'!O24) | K25: =IF('Formations réalisées'!P24=0,"",'Formations réalisées'!P24)
A26: =IF('Formations réalisées'!A25=0,"",'Formations réalisées'!A25) | B26: =IF('Formations réalisées'!B25=0,"",'Formations réalisées'!B25) | C26: =IF('Formations réalisées'!C25=0,"",'Formations réalisées'!C25) | H26: =IF(D26=0,"",AVERAGE(D26:G26)) | I26: =IF('Formations réalisées'!N25=0,"",'Formations réalisées'!N25) | J26: =IF('Formations réalisées'!O25=0,"",'Formations réalisées'!O25) | K26: =IF('Formations réalisées'!P25=0,"",'Formations réalisées'!P25)
A27: =IF('Formations réalisées'!A26=0,"",'Formations réalisées'!A26) | B27: =IF('Formations réalisées'!B26=0,"",'Formations réalisées'!B26) | C27: =IF('Formations réalisées'!C26=0,"",'Formations réalisées'!C26) | H27: =IF(D27=0,"",AVERAGE(D27:G27)) | I27: =IF('Formations réalisées'!N26=0,"",'Formations réalisées'!N26) | J27: =IF('Formations réalisées'!O26=0,"",'Formations réalisées'!O26) | K27: =IF('Formations réalisées'!P26=0,"",'Formations réalisées'!P26)
A28: =IF('Formations réalisées'!A27=0,"",'Formations réalisées'!A27) | B28: =IF('Formations réalisées'!B27=0,"",'Formations réalisées'!B27) | C28: =IF('Formations réalisées'!C27=0,"",'Formations réalisées'!C27) | H28: =IF(D28=0,"",AVERAGE(D28:G28)) | I28: =IF('Formations réalisées'!N27=0,"",'Formations réalisées'!N27) | J28: =IF('Formations réalisées'!O27=0,"",'Formations réalisées'!O27) | K28: =IF('Formations réalisées'!P27=0,"",'Formations réalisées'!P27)
A29: =IF('Formations réalisées'!A28=0,"",'Formations réalisées'!A28) | B29: =IF('Formations réalisées'!B28=0,"",'Formations réalisées'!B28) | C29: =IF('Formations réalisées'!C28=0,"",'Formations réalisées'!C28) | H29: =IF(D29=0,"",AVERAGE(D29:G29)) | I29: =IF('Formations réalisées'!N28=0,"",'Formations réalisées'!N28) | J29: =IF('Formations réalisées'!O28=0,"",'Formations réalisées'!O28) | K29: =IF('Formations réalisées'!P28=0,"",'Formations réalisées'!P28)
A30: =IF('Formations réalisées'!A29=0,"",'Formations réalisées'!A29) | B30: =IF('Formations réalisées'!B29=0,"",'Formations réalisées'!B29) | C30: =IF('Formations réalisées'!C29=0,"",'Formations réalisées'!C29) | H30: =IF(D30=0,"",AVERAGE(D30:G30)) | I30: =IF('Formations réalisées'!N29=0,"",'Formations réalisées'!N29) | J30: =IF('Formations réalisées'!O29=0,"",'Formations réalisées'!O29) | K30: =IF('Formations réalisées'!P29=0,"",'Formations réalisées'!P29)
A31: =IF('Formations réalisées'!A30=0,"",'Formations réalisées'!A30) | B31: =IF('Formations réalisées'!B30=0,"",'Formations réalisées'!B30) | C31: =IF('Formations réalisées'!C30=0,"",'Formations réalisées'!C30) | H31: =IF(D31=0,"",AVERAGE(D31:G31)) | I31: =IF('Formations réalisées'!N30=0,"",'Formations réalisées'!N30) | J31: =IF('Formations réalisées'!O30=0,"",'Formations réalisées'!O30) | K31: =IF('Formations réalisées'!P30=0,"",'Formations réalisées'!P30)
E32: =IF(AVERAGE(E2:E30)>80,AVERAGE(E2:E30),"") -> 88.249293 | F32: =IF(AVERAGE(F2:F30)>80,AVERAGE(F2:F30),"") -> 84.649317 | G32: =IF(AVERAGE(G2:G30)>80,AVERAGE(G2:G30),"") -> 87.431684
B33: =données à compléter | C33: MOYENNE : | D33: =IF(AVERAGE(D3:D31)>80,AVERAGE(D3:D31),"") -> 87.264775 | E33: =IF(AVERAGE(E3:E31)>80,AVERAGE(E3:E31),"") -> 88.249293 | F33: =IF(AVERAGE(F3:F31)>80,AVERAGE(F3:F31),"") -> 84.649317 | G33: =IF(AVERAGE(G3:G31)>80,AVERAGE(G3:G31),"") -> 87.431684
D34: =IF(AVERAGE(D3:D31)<80,AVERAGE(D3:D31),"") | E34: =IF(AVERAGE(E3:E31)<80,AVERAGE(E3:E31),"") | F34: =IF(AVERAGE(F3:F31)<80,AVERAGE(F3:F31),"") | G34: =IF(AVERAGE(G3:G31)<80,AVERAGE(G3:G31),"")
D35: Si inférieur à 80% => analyse et action nécessaires
D36: en rouge : <85%
